 Dungeon Crawl Stone Soup version 0.30.0-19-g36f170ea60 (webtiles) character file.

Game seed: 7181630195345765993

23805 Aldia the Thaumaturge (level 12, -8/71 HPs)
             Began as a Deep Elf Conjurer on May 30, 2023.
             Was a High Priest of Sif Muna.
             Mangled by a blink frog (13 damage)
             ... on level 4 of the Lair of Beasts.
             The game lasted 01:20:46 (20078 turns).

Aldia the Thaumaturge (Deep Elf Conjurer)          Turns: 20078, Time: 01:20:47

Health: -8/71      AC: 12    Str:  4    XL:     12   Next: 75%
Magic:  14/30      EV: 17    Int: 38    God:    Sif Muna [*****.]
Gold:   1074       SH: 10    Dex: 19    Spells: 6/36 levels left

rFire   . . .        E - +8 hand axe of the People {flame, Int+3}
rCold   . . .        K - +0 buckler
rNeg    . . .        H - +1 robe {Will+}
rPois   .            B - +0 helmet
rElec   .            v - +2 cloak {Will+}
rCorr   .            G - +1 pair of gloves
SInv    +            y - +2 pair of boots {Fly}
Will    +++..        c - amulet of reflection
Stlth   +++          d - +6 ring of intelligence
HPRegen 0.31/turn    C - +6 ring of dexterity
MPRegen 0.22/turn

%: reflection
@: lethally poisoned (-8 -> -26), marked, flying
A: talons 1, see invisible
a: Renounce Religion, Channel Magic, Forget Spell, Divine Exegesis


You were on level 4 of the Lair of Beasts.
You worshipped Sif Muna.
Sif Muna was extremely pleased with you.
You visited 4 branches of the dungeon, and saw 17 of its levels.
You also visited: Ossuary and Bailey.

You collected 2400 gold pieces.
You spent 1326 gold pieces at shops.

Inventory:

Hand Weapons
 h - a +1 dagger of venom
 E - the +8 hand axe of the People (weapon) {flame, Int+3}
   (You found it on level 9 of the Dungeon)

   Int:       It affects your intelligence (+3).
 M - a +3 short sword of distortion
Missiles
 I - 2 throwing nets
Armour
 v - a +2 cloak of willpower (worn)
 y - a +2 pair of boots of flying (worn)
 B - a +0 helmet (worn)
 G - a +1 pair of gloves (worn)
 H - a +1 robe of willpower (worn)
 K - a +0 buckler (worn)
Jewellery
 c - an amulet of reflection (around neck)
 d - a +6 ring of intelligence (left hand)
 g - a ring of resist corrosion
 C - a +6 ring of dexterity (right hand)
 F - a ring of wizardry
 J - a +6 ring of strength
Wands
 w - a wand of polymorph (4)
Scrolls
 a - a scroll of silence
 e - 7 scrolls of teleportation
 f - a scroll of noise
 j - 2 scrolls of enchant armour
 k - 3 scrolls of vulnerability
 s - 3 scrolls of fear
 t - 3 scrolls of fog
 D - 3 scrolls of identify
 L - a scroll of blinking
 N - 3 scrolls of poison
 O - a scroll of acquirement
 P - 2 scrolls of amnesia
 Q - a scroll of enchant weapon
Potions
 i - 3 potions of resistance
 l - a potion of cancellation
 m - a potion of heal wounds
 n - 7 potions of haste
 o - a potion of lignification
 p - 2 potions of brilliance
 q - 6 potions of mutation
 r - 8 potions of curing
 u - a potion of might
 x - 7 potions of attraction
 z - a potion of ambrosia
 A - a potion of invisibility


   Skills:
 + Level 6.8 Fighting
 + Level 9.7 Dodging
 - Level 3.0 Stealth
 - Level 3.0 Shields
 + Level 12.8 Spellcasting
 - Level 11.0 Conjurations
 - Level 5.0 Hexes
 - Level 3.0 Necromancy
 - Level 4.0 Translocations
 - Level 7.0 Transmutations
 - Level 5.0 Fire Magic
 - Level 8.0 Invocations


You had 6 spell levels left.
You knew the following spells:

 Your Spells              Type           Power      Damage    Failure   Level
a - Magic Dart            Conj           100%       1d8       1%          1
b - Searing Ray           Conj           100%       2d8       1%          2
c - Fulminant Prism       Conj/Hex       35%        3d17      1%          4
d - Iskenderun's Mystic   Conj/Tloc      69%        2d14      1%          4
e - Iskenderun's Battles  Conj           83%        2d13      1%          5
f - Blink                 Tloc           100%       N/A       1%          2
g - Sublimation of Blood  Necr           47%        N/A       1%          2
h - Irradiate             Conj/Tmut      37%        3d24      1%          5
i - Fireball              Conj/Fire      35%        3d15      3%          5

Your spell library contained the following spells:

 Spells                   Type           Power      Damage    Failure   Level
 Kiss of Death            Conj/Necr      100%       2d13      1%          1
 Slow                     Hex            100%       N/A       1%          1
 Ensorcelled Hibernation  Hex/Ice        86%        N/A       1%          2
 Passwall                 Tmut/Erth      41%        N/A       1%          2
 Wereblood                Tmut           67%        N/A       1%          2
 Confusing Touch          Hex            58%        N/A       1%          3
 Dazzling Flash           Conj/Hex       100%       N/A       1%          3
 Mephitic Cloud           Conj/Pois/Air  51%        N/A       1%          3
 Portal Projectile        Hex/Tloc       100%       N/A       1%          3
 Spider Form              Tmut/Pois      50%        N/A       1%          3
 Stone Arrow              Conj/Erth      100%       3d13      1%          3
 Tukima's Dance           Hex            58%        N/A       1%          3
 Cigotuvi's Dreadful Rot  Necr/Pois/Air  64%        N/A       2%          2
 Vampiric Draining        Necr           47%        2d9       2%          3
 Vhi's Electric Charge    Tloc/Air       78%        N/A       3%          3
 Poisonous Vapours        Pois/Air       48%        N/A       4%          2
 Blade Hands              Tmut           33%        N/A       4%          5
 Manifold Assault         Tloc           53%        N/A       5%          4
 Passage of Golubria      Tloc           53%        N/A       5%          4
 Yara's Violent Unravell  Hex/Tmut       31%        3d13      7%          5
 Call Canine Familiar     Summ           24%        N/A       9%          3
 Swiftness                Air            24%        N/A       9%          3
 Dispel Undead            Necr           47%        3d18      9%          4
 Leda's Liquefaction      Hex/Erth       21%        N/A       10%         4
 Starburst                Conj/Fire      35%        6d10      16%         6
 Alistair's Intoxication  Tmut/Pois      33%        N/A       19%         5
 Animate Armour           Summ/Erth      48%        N/A       28%         4
 Dragon Form              Tmut           33%        N/A       80%         7
 Storm Form               Tmut/Air       25%        N/A       99%         7
 Summon Hydra             Summ           12%        N/A       100%        7
 Lehudib's Crystal Spear  Conj/Erth      30%        10d8      100%        8
 Chain Lightning          Conj/Air       30%        3d40      100%        9


Dungeon Overview and Level Annotations

Branches:
Dungeon (11/15)            Temple (1/1) D:4            Lair (4/5) D:11
 Shoals (0/4) Lair:2        Snake (0/4) Lair:2          Orc (1/2) D:10
Ossuary (visited)          Bailey (visited)
  Slime: Lair:4-5

Altars:
Ashenzari
Cheibriados
Dithmenos
Elyvilon
Fedhas
Gozag
Hepliaklqana
Kikubaaqudgha
Makhleb
Nemelex Xobeh
Okawaru
Qazlal
Ru
Sif Muna
Trog
Uskayaw
Vehumet
Wu Jian
Xom
Yredelemnul
Zin
The Shining One

Shops:
D:1 ?*(   D:11 *:

Annotations:
D:9 exclusion: two-headed ogre
D:11 3 runed translucent doors, exclusion: boulder beetle, croobank's ghost, journeyman DgCj
Lair:1 2 transporters, Imnulubo's ghost, novice TeFE


Innate Abilities, Weirdness & Mutations

You have sharp toenails.
You have supernaturally acute eyesight. (SInv)


Message History

A bullfrog comes into view.
Casting: Blink (safe; 1% risk of failure)
Confirm with . or Enter, or press ? or * to list all spells.
You blink.
The hell hound bites your battlesphere! The hell hound barely misses you.
The hell hound bites your battlesphere!
The hell hound attacks as you move away!
You block the hell hound's attack.
The hell hound barely misses your battlesphere.
The hell hound closely misses your battlesphere.
The hell hound barely misses your battlesphere.
The hell hound bites your battlesphere. The hell hound bites your battlesphere.
You see here a +0 quarterstaff.
The hell hound breathes flames at you.
The blast of flame hits your battlesphere.
Your battlesphere resists.
Your battlesphere is destroyed!
The blast of flame hits you!
* * * LOW HITPOINT WARNING * * *
The blink frog blinks!
As you read the scroll of fear, it crumbles to dust.
You assume a fearsome visage.
The hell hound looks frightened! x2
The komodo dragon looks frightened!
The blink frog looks frightened!
The blink frog blinks!
The blink frog blinks!
A black mamba comes into view.
A blink frog comes into view.
Your magical contamination has completely faded away.
A blink frog comes into view.
The black mamba misses you.
The blink frog blinks!
A blink frog comes into view.
You hear the rumble of an avalanche of rocks very nearby.
The black mamba bites you!
* * * LOW HITPOINT WARNING * * *
You are lethally poisoned!
The black mamba poisons you! The black mamba closely misses you.
There is a stone staircase leading up, spattered with blood here.
* * * LOW HITPOINT WARNING * * *
You feel very sick. The black mamba barely misses you. The blink frog hits you!
You die...

*,** *,,* **,***#.## ***
*,,,,,...* ****,* *#.,**...*
,,,,,* *..P**#.## ,,*,,* *#.#*
#..# ***,** ###.# ##..# #.,*
#...###...#### *##
##.#*##*#......@.....#######.##
#..P##.##...#.#SF...##.##.#.#.#
*#..........S......F.........###
#...........#.###)...F..)†.....
#P......$.......#.####).....P..
*#.....P..?##....######.#......
##......####....###..#.#...h#.#
#P.....## #...## *#....§.l.###
##.>..#######..# ###........##


You could see a black mamba, 3 blink frogs and a water moccasin.

Vanquished Creatures
  3 hydras
  5 death yaks (Lair:3)
  Sonja (Lair:4)
  Urug (Lair:4)
  3 harpies (Lair:2)
  An orc knight (Bailey)
  Joseph (D:8)
  5 black mambas (Lair:2)
  4 cane toads
  3 rime drakes
  6 komodo dragons
  A troll (D:11)
  3 blink frogs (Lair:1)
  A shadow (D:11)
  2 wyverns
  19 yaks
  3 basilisks
  A steam dragon (D:9)
  10 water moccasins
  13 orc warriors
  A sky beast (D:6)
  2 black bears
  An ice beast (D:7)
  5 centaurs
  A phantom (D:5)
  4 kobold brigands
  3 gnoll sergeants
  10 bullfrogs
  3 scorpions
  4 wights (D:10)
  5 killer bees (D:10)
  3 howler monkeys
  Crazy Yiuf (D:2)
  5 hounds
  2 jellies
  2 gnoll boudas
  12 orc priests
  2 sleepcaps
  An iguana (D:5)
  3 orc wizards
  8 mummies (Ossuary)
  27 gnolls
  11 adders
  A shadow imp (D:6)
  2 white imps
  An ufetubus (D:4)
  A worm zombie (D:6)
  2 dart slugs
  92 orcs
  4 ball pythons
  5 endoplasms
  4 giant cockroaches
  A gnoll zombie (Ossuary)
  5 goblins
  7 hobgoblins
  5 jackals
  3 quokkas
  7 bats
  7 frilled lizards
  2 hobgoblin zombies (Ossuary)
  20 kobolds
  3 kobold zombies (Ossuary)
  2 orc zombies (Ossuary)
  11 rats
387 creatures vanquished.

Vanquished Creatures (others)
  77 fulminant prisms
77 creatures vanquished.

Grand Total: 464 creatures vanquished

Notes
Turn   | Place    | Note
-------+----------+-------------------------------------------
     0 | D:1      | Aldia the Deep Elf Conjurer began the quest for the Orb.
     0 | D:1      | Reached XP level 1. HP: 10/10 MP: 6/6
     8 | D:1      | Found Micyasur's General Store.
   153 | D:1      | Found Kiopau's Magic Scroll Shop.
   166 | D:1      | Bought a scroll of noise for 10 gold pieces
   193 | D:1      | Reached XP level 2. HP: 16/16 MP: 1/8
   196 | D:1      | Learned a level 2 spell: Searing Ray
   825 | D:1      | Found Vyziub's Antique Weapon Emporium.
   946 | D:1      | Bought a scroll of identify for 20 gold pieces
  1002 | D:2      | Reached skill level 1 in Fighting
  1002 | D:2      | Reached XP level 3. HP: 20/20 MP: 6/9
  1094 | D:2      | Found a stormy altar of Qazlal.
  1196 | D:2      | Reached skill level 5 in Conjurations
  1559 | D:2      | Reached XP level 4. HP: 25/25 MP: 8/11
  1613 | D:2      | Learned a level 4 spell: Fulminant Prism
  2070 | D:2      | Found a runed translucent door.
  2071 | D:2      | Noticed Crazy Yiuf
  2418 | D:1      | Bought a scroll of teleportation for 30 gold pieces
  2418 | D:1      | Bought a scroll of fear for 40 gold pieces
  2543 | D:3      | Reached skill level 4 in Spellcasting
  2655 | D:3      | Reached XP level 5. HP: 29/29 MP: 7/13
  3045 | D:3      | Learned a level 4 spell: Iskenderun's Mystic Blast
  3294 | D:4      | Found a staircase to the Ecumenical Temple.
  3304 | Temple   | Entered the Ecumenical Temple
  3607 | Temple   | Became a worshipper of Sif Muna the Loreminder
  3756 | D:4      | Identified the +0 ring mail of Deaps {rElec rF+ rCorr}
  3787 | D:4      | Reached skill level 1 in Hexes
  3999 | D:4      | Noticed a moth of wrath
  4002 | D:4      | Found a bloodstained altar of Trog.
  4163 | D:4      | Reached XP level 6. HP: 29/35 MP: 0/14
  4641 | D:2      | Killed Crazy Yiuf
  4762 | D:1      | Bought 2 scrolls of identify for 40 gold pieces
  4870 | D:5      | Entered Level 5 of the Dungeon
  5036 | D:5      | Found a sacrificial altar of Ru.
  5104 | D:5      | Reached skill level 1 in Translocations
  5159 | D:5      | Reached skill level 5 in Spellcasting
  5171 | D:5      | Reached XP level 7. HP: 40/40 MP: 5/16
  5179 | D:5      | Reached * piety under Sif Muna
  5922 | D:6      | Found a sand-covered staircase.
  5959 | Ossuary  | Entered an ossuary
  6180 | Ossuary  | Reached skill level 1 in Invocations
  6727 | D:6      | Reached skill level 5 in Dodging
  7205 | D:6      | Reached skill level 6 in Spellcasting
  7205 | D:6      | Reached XP level 8. HP: 44/44 MP: 8/19
  7638 | D:7      | Gained mutation: You have supernaturally acute eyesight.
                  | (SInv) [potion of mutation]
  7638 | D:7      | Gained mutation: You have sharp toenails. [potion of
                  | mutation]
  7699 | D:7      | Reached ** piety under Sif Muna
  7805 | D:7      | Reached skill level 5 in Hexes
  8124 | D:7      | Learned a level 3 spell: Dazzling Flash
  8249 | D:7      | Reached skill level 7 in Spellcasting
  8945 | D:8      | Noticed Joseph
  9190 | D:7      | Learned a level 2 spell: Blink
  9635 | D:7      | Reached XP level 9. HP: 19/51 MP: 6/22
 10083 | D:9      | Noticed a two-headed ogre
 10176 | D:9      | Found a shadowy altar of Dithmenos.
 10211 | D:9      | Identified the +8 hand axe of the People {flame, Int+3}
 10326 | D:9      | Reached *** piety under Sif Muna
 10417 | D:9      | Reached skill level 8 in Spellcasting
 10811 | D:8      | Identified the +0 trident "Undertaker" {freeze, Str+3}
 10891 | D:8      | Reached skill level 5 in Invocations
 11307 | D:8      | Killed Joseph
 11473 | D:8      | Learned a level 2 spell: Sublimation of Blood
 11484 | D:8      | Found a burning altar of Makhleb.
 11790 | D:9      | Found a blossoming altar of Fedhas.
 12017 | D:10     | Entered Level 10 of the Dungeon
 12122 | D:10     | Found a flagged portal.
 12152 | Bailey   | Entered a bailey
 12318 | Bailey   | Reached XP level 10. HP: 58/58 MP: 15/24
 12334 | Bailey   | Reached **** piety under Sif Muna
 12410 | Bailey   | Noticed an orc knight
 12547 | Bailey   | Identified the +3 plate armour of Greed {rElec rN+ Will+
                  | Int+2}
 12690 | Bailey   | Reached skill level 9 in Spellcasting
 12706 | Bailey   | Killed an orc knight
 12707 | Bailey   | Reached skill level 1 in Shields
 12980 | Bailey   | Identified the +0 helmet of the Komodo Dragon {Contam rN++}
 13643 | D:10     | Found a staircase to the Orcish Mines.
 13717 | D:10     | Reached skill level 10 in Spellcasting
 13881 | D:10     | Found a hide-covered altar of Uskayaw.
 13883 | D:10     | Found an iron altar of Okawaru.
 13946 | D:10     | Reached skill level 1 in Necromancy
 14347 | D:10     | Found a snail-covered altar of Cheibriados.
 14566 | Orc:1    | Entered Level 1 of the Orcish Mines
 14576 | Orc:1    | Noticed an orc sorcerer
 14615 | D:11     | Found Utarri's Book Boutique.
 14637 | D:11     | Bought a book of Transfigurations for 680 gold pieces
 14643 | D:11     | Learned a level 5 spell: Irradiate
 14680 | D:11     | Found an ancient bone altar of Kikubaaqudgha.
 14716 | D:11     | Found a runed translucent gate.
 14716 | D:11     | Found a runed translucent gate.
 14716 | D:11     | Found a runed translucent gate.
 14757 | D:11     | Noticed a boulder beetle
 14825 | D:11     | Found a staircase to the Lair.
 14827 | D:11     | Found Yqot's Demolitions Depot.
 15037 | D:11     | Noticed croobank's ghost (journeyman DgCj)
 15517 | D:11     | Bought the Dissertation on the Salvo for 506 gold pieces
 15535 | D:11     | Learned a level 5 spell: Iskenderun's Battlesphere
 15542 | Lair:1   | Entered Level 1 of the Lair of Beasts
 15583 | Lair:1   | Noticed a cane toad
 15687 | D:11     | Reached skill level 1 in Transmutations
 15687 | D:11     | Reached XP level 11. HP: 32/62 MP: 8/27
 15892 | Lair:1   | Reached ***** piety under Sif Muna
 15893 | Lair:1   | Reached skill level 5 in Fighting
 15909 | Lair:1   | Learned a level 5 spell: Fireball
 16115 | Lair:1   | Found a transporter.
 16133 | Lair:1   | Identified a scroll of acquirement
 16143 | Lair:1   | Noticed a spriggan rider
 16153 | Lair:1   | Found a transporter.
 16439 | Lair:1   | Acquired 801 gold pieces
 16517 | Lair:1   | Noticed Imnulubo's ghost (novice TeFE)
 16533 | Lair:1   | Found a bloodstained altar of Trog.
 17254 | Lair:2   | Reached skill level 10 in Conjurations
 17292 | Lair:2   | Received a gift from Sif Muna
 17295 | Lair:2   | Reached skill level 11 in Spellcasting
 17297 | Lair:2   | Got Ymeedgh's Codex of Electric Toxins {god gift}
 17332 | Lair:2   | Reached skill level 1 in Fire Magic
 17489 | Lair:2   | Noticed a harpy
 17526 | Lair:2   | Found a staircase to the Snake Pit.
 17551 | Lair:2   | Noticed a harpy
 17552 | Lair:2   | Noticed a harpy
 17555 | Lair:2   | Killed a harpy
 17560 | Lair:2   | Killed a harpy
 17581 | Lair:2   | Killed a harpy
 17582 | Lair:2   | Reached skill level 5 in Transmutations
 17760 | Lair:2   | Found a staircase to the Shoals.
 18338 | Lair:2   | Reached XP level 12. HP: 69/69 MP: 20/29
 19022 | Lair:3   | Noticed a death yak
 19034 | Lair:3   | Noticed a death yak
 19035 | Lair:3   | Noticed a death yak
 19035 | Lair:3   | Noticed a death yak
 19172 | Lair:3   | Noticed a death yak
 19189 | Lair:3   | Killed a death yak
 19231 | Lair:3   | Killed a death yak
 19232 | Lair:3   | Reached skill level 12 in Spellcasting
 19360 | Lair:3   | Killed a death yak
 19361 | Lair:3   | Killed a death yak
 19369 | Lair:3   | Killed a death yak
 19578 | Lair:3   | Noticed a six-headed hydra
 19585 | Lair:3   | Killed a six-headed hydra
 19586 | Lair:3   | Reached skill level 5 in Fire Magic
 19918 | Lair:4   | Noticed Sonja
 19923 | Lair:4   | Killed Sonja
 19977 | Lair:4   | Noticed a seven-headed hydra
 19987 | Lair:4   | Killed a seven-headed hydra
 19994 | Lair:4   | Noticed Urug
 20034 | Lair:4   | Noticed a four-headed hydra
 20048 | Lair:4   | Killed a four-headed hydra
 20049 | Lair:4   | Killed Urug
 20062 | Lair:4   | HP: 2/71 [hell hound/blast of flame (8)]
 20078 | Lair:4   | Mangled by a blink frog

Illustrated notes

Levels and vault maps discovered:
D:1:      tarquinn_simple_flora_water_e, layout_basic, serial_shops, shop, shop,
          shop
D:2:      layout_loops_corners, basic_altar, kennysheep_small_spiral,
          minmay_box_of_dots, uniq_crazy_yiuf_cottage
D:3:      layout_rooms, amcnicky_mini_rare_corridor_liquid
D:4:      layout_gridville, tgw_trog, minmay_temple_entry_proselytizer,
          kennysheep_windowed_goal
D:5:      layout_cave_pods, mainiacjoe_overflow_concentric_impassable,
          chequers_arboretum
D:6:      layout_loops_cross, enter_ossuary_3
D:7:      layout_basic
D:8:      layout_cave_pools, mainiacjoe_overflow_paths, serial_gnoll_camp,
          gnoll_camp_medium_01, gnoll_camp_mini_hut, gnoll_camp_mini_sergeant,
          gnoll_camp_mini_hut, gnoll_camp_mini_loothouse, uniq_joseph
D:9:      layout_roguey [special_room_orc], kennysheep_mini_moat,
          fedhas_bush_and_centaur_altar
D:10:     layout_small_grid, kennysheep_slug_shrine,
          gammafunk_temple_overflow_pools, hiddenorc2_lemuel, enter_bailey_1
D:11:     layout_long_grid, serial_shops, nicolae_book_shop_shelving,
          gammafunk_ghost_icy, nicolae_blasting_shop,
          hangedman_abyss_or_decor_stabs, kiku_gazebo_pond_becter
Temple:   minmay_temple_curvy_branch
Lair:1:   layout_hall_layers, gammafunk_ghost_wrathful_warriors,
          grunt_megastairs_3
Lair:2:   layout_regular_city, nicolae_shoals_entry_roost,
          minmay_snake_entry_six_corridors
Lair:3:   layout_roguey, minivault_24, st_stairs_5
Lair:4:   statuecave_lemuel, layout_loops_ring, enter_volcano_3,
          minmay_lair_oklob_bushes, serial_bayou_ford_a, lemuel_fruit_fields,
          uniq_urug, uniq_sonja
Orc:1:    layout_diamond_mine, basic_altar

Skill      XL: |  1  2  3  4  5  6  7  8  9 10 11 12 |
---------------+-------------------------------------+-----
Fighting       | 1 2 3 4 5 6 |  6.8
Stealth        | 3 |  3.0
Conjurations   | 5 6 7 8 9 10 11 | 11.0
Dodging        | 3 4 5 6 8 9 |  9.7
Spellcasting   | 4 5 6 7 8 10 11 12 | 12.8
Hexes          | 1 2 4 5 |  5.0
Translocations | 1 3 4 |  4.0
Invocations    | 2 4 5 7 8 |  8.0
Shields        | 3 |  3.0
Necromancy     | 3 |  3.0
Transmutations | 1 6 7 |  7.0
Fire Magic     | 3 5 |  5.0

Action                     |  1- 3 |  4- 6 |  7- 9 | 10-12 || total
---------------------------+-------+-------+-------+-------++-------
  Melee: Short sword       |     1 |       |       |       ||     1
         Dagger            |       |     8 |    34 |       ||    42
         Hand axe          |       |       |    30 |    82 ||   112
   Cast: Magic Dart        |    68 |   112 |   290 |   271 ||   741
         Searing Ray       |       |     8 |    15 |    10 ||    33
         Fulminant Prism   |       |     2 |    43 |    32 ||    77
         Iskenderun's Myst |       |     1 |    13 |    42 ||    56
         Blink             |       |       |     1 |     3 ||     4
         Dazzling Flash    |       |       |     3 |       ||     3
         Irradiate         |       |       |       |    27 ||    27
         Iskenderun's Batt |       |       |       |    10 ||    10
         Fireball          |       |       |       |     4 ||     4
 Invoke: Channel Magic     |       |       |     3 |       ||     3
    Use: Scroll            |     1 |    12 |    10 |     7 ||    30
         Potion            |       |     1 |     6 |     3 ||    10
   Stab: Invisible         |       |       |     1 |       ||     1
 Armour: Robe              |     2 |     8 |    37 |    60 ||   107
  Dodge: Dodged            |     2 |    19 |   139 |   131 ||   291
  Block: Buckler           |       |       |     6 |    92 ||    98
